Map: New Repugnancy LE

Players

PtitDrogo - Winner!

  • Race: Protoss Protoss
  • Spawn Location: 7:00

Has

  • Race: Protoss Protoss
  • League: Diamond
  • Spawn Location: 1:00

Event: 2019 WCS Spring

VOD

Have the link to the VOD?

Description

Time

  • Played on: May 17, 2019, 1:17 p.m.
  • Length: 11:26

All games in this series

Show
View Real Time Build Order
Export as new Build Order

PtitDrogo Protoss - Winner!

Build Orders:  

Get SALT Encoding   

  12  0:00  Probe  
  13  0:12  Probe  
  14  0:17  Pylon  
  14  0:23  Probe  
  15  0:31  Probe  
  15  0:39  Gateway  
  15  0:40  Probe  
  16  0:46  Assimilator  
  17  0:51  Probe  
  17  0:54  Assimilator  
  18  1:03  Probe  
  19  1:15  Probe  
  19  1:27  Probe  
  20  1:38  Gateway  
  20  1:48  Probe  
  16  2:36  Probe  
  17  2:48  Probe  
  17  2:57  Cybernetics Core  
  18  3:01  Probe  
  18  3:05  Zealot  
  19  3:13  Probe  
  22  3:25  Probe  
  30  3:27  Warp Gate  
  23  3:39  Pylon  
  23  3:57  Adept  
  23  3:58  Probe  
  26  4:09  Gateway  
  26  4:10  Probe, Gateway  
  27  4:22  Probe  
  28  4:30  Pylon  
  28  4:34  Probe  
  28  4:37  Shield Battery  
  29  4:46  Probe  
  28  4:58  Probe  
  28  4:59  Pylon  
  29  5:01  Twilight Council  
  29  5:15  Stalker x2  
  29  5:19  Stalker  
  34  5:38  Dark Shrine  
  34  5:40  Stalker  
  36  5:43  Stalker  
  38  5:51  Pylon  
  38  5:59  Robotics Facility  
  38  6:07  Pylon  
  37  6:32  Nexus  
  37  6:38  Sentry  
  37  6:39  Observer  
  40  6:50  Pylon  
  40  6:53  Probe  
  41  7:06  Immortal  
  44  7:18  Charge  
  44  7:19  Dark Templar  
  44  7:22  Zealot  
  48  7:25  Zealot  
  50  7:31  Pylon  
  50  7:38  Shield Battery  
  50  7:50  Stalker x2  
  52  8:03  Warp Prism  
  53  8:22  Zealot x2, Dark Templar  
  53  8:25  Phoenix, Pylon  
  59  8:38  Archon  
  59  8:39  Observer  
  60  9:01  Nexus  
  60  9:03  Pylon  
  60  9:04  Probe  
  61  9:12  Pylon  
  61  9:17  Pylon  
  61  9:24  Probe  
  61  9:28  Dark Templar x3  
  64  9:42  Probe  
  63  9:54  Probe  
  48  10:28  Probe  
  48  10:29  Probe  
  50  10:42  Dark Templar  
  50  10:43  Dark Templar  
  50  10:45  Immortal  
  50  10:46  Archon  
  50  10:48  Zealot  
  57  11:15  Zealot x3  
Show
View Real Time Build Order
Export as new Build Order

Has Protoss 

Build Orders:  

Get SALT Encoding   

  12  0:00  Probe  
  13  0:12  Probe  
  14  0:20  Pylon  
  14  0:25  Probe  
  15  0:38  Probe  
  15  0:40  Forge  
  16  1:02  Pylon  
  16  1:03  Pylon  
  16  1:07  Pylon  
  16  1:20  Photon Cannon  
  16  1:21  Pylon  
  16  1:22  Pylon  
  15  1:40  Gateway  
  15  1:44  Photon Cannon  
  15  1:54  Pylon  
  15  2:01  Pylon  
  15  2:08  Probe  
  16  2:16  Probe  
  16  2:22  Gateway  
  16  2:25  Probe  
  17  2:33  Probe  
  17  2:37  Pylon  
  18  2:42  Probe  
  18  2:47  Pylon  
  18  2:51  Assimilator  
  19  2:54  Probe  
  19  2:57  Assimilator  
  20  3:04  Probe  
  20  3:05  Photon Cannon  
  20  3:09  Pylon  
  21  3:17  Probe  
  21  3:19  Cybernetics Core  
  21  3:26  Probe  
  22  3:33  Pylon  
  23  3:38  Probe, Gateway  
  24  3:46  Pylon  
  24  3:47  Adept  
  24  3:55  Warp Gate  
  24  3:58  Probe  
  27  4:06  Stargate  
  27  4:08  Stalker  
  31  4:32  Pylon  
  28  4:48  Probe  
  28  4:51  Oracle  
  32  4:55  Stalker  
  32  5:02  Shield Battery  
  32  5:03  Pylon  
  32  5:14  Robotics Facility  
  32  5:16  Probe  
  33  5:26  Photon Cannon  
  33  5:27  Pylon  
  33  5:31  Probe, Pylon  
  34  5:43  Probe  
  34  5:48  Sentry, Immortal  
  37  5:53  Pylon  
  38  6:03  Gateway x2  
  40  6:09  Sentry  
  42  6:20  Warp Prism  
  42  6:29  Sentry  
  46  6:33  Zealot, Pylon  
  48  6:51  Pylon  
  48  6:58  Stalker x2  
  48  7:00  Zealot  
  54  7:07  Observer  
  55  7:08  Pylon  
  55  7:13  Shield Battery  
  55  7:27  Zealot  
  57  7:30  Zealot, Sentry  
  57  7:31  Zealot  
  57  8:02  Robotics Bay  
  57  8:12  Observer  
  58  8:20  Stalker  
  58  8:25  Probe  
  61  8:28  Nexus, Pylon  
  61  8:31  Pylon  
  61  8:38  Probe  
  62  8:47  Disruptor  
  62  8:50  Probe  
  66  9:02  Shield Battery  
  66  9:04  Shield Battery  
  60  9:17  Disruptor  
  63  9:26  Adept  
  50  9:49  Stalker  
  50  9:50  Probe x2  
  37  10:25  Adept x2  
  38  10:38  Stalker  
  35  11:09  Zealot  
Tags
 
Add a new tag
Caveats
  • Supply blocks, unpowered buildings, or Contaminate may cause inaccurate times.
  • Supply counts are checked every 10 seconds.